 Dungeon Crawl Stone Soup version 0.27-a0-720-g3f424a255b (webtiles) character file.

Game seed: 2359212214560796605

135 Essalna the Chopper (level 4, 0/39 HPs)
             Began as a Palentonga Berserker on Mar 23, 2021.
             Was a Believer of Trog.
             Slain by a worm (7 damage)
             ... in a sewer.
             The game lasted 00:06:09 (2644 turns).

Essalna the Chopper (Palentonga Berserker)          Turns: 2644, Time: 00:06:10

Health: 0/39       AC:  6    Str: 20    XL:     4   Next: 97%
Magic:  4/4        EV: 10    Int:  8    God:    Trog [**....]
Gold:   137        SH:  0    Dex: 10    Spells: 3/3 levels left

rFire    . . .     SeeInvis +   a - +0 hand axe
rCold    . . .     Faith    .   (no shield)
rNeg     . . .     Spirit   .   b - +0 animal skin
rPois    .         Reflect  .   (no helmet)
rElec    .         Harm     .   (no cloak)
rCorr    .         Rampage  .   f - +1 pair of gloves
Will     .....                  (no barding)
Stlth    +.........             (no amulet)
HPRegen  0.13/turn              (no ring)
MPRegen  0.09/turn              (no ring)

@: no status effects
A: large, rugged brown scales 3, see invisible, deformed body, roll 1, armoured
tail
a: Rolling Charge, Renounce Religion, Berserk, Trog's Hand


You were in a sewer.
You worshipped Trog.
Trog was pleased with you.
You visited 1 branch of the dungeon, and saw 3 of its levels.
You also visited: Sewer.

You collected 137 gold pieces.

Inventory:

Hand Weapons
 a - a +0 hand axe (weapon)
Missiles
 g - a throwing net
Armour
 b - a +0 animal skin (worn)
 f - a +1 pair of gloves (worn)
Scrolls
 c - 2 scrolls of teleportation {unknown}
 e - a scroll of random uselessness {unknown}
 i - a scroll of brand weapon {unknown}
 m - a scroll of blinking {unknown}
 n - a scroll of fear {unknown}
Potions
 d - 3 potions of flight
 h - a potion of curing
 k - a potion of brilliance
 l - a potion of attraction {unknown}


   Skills:
 + Level 3.7 Fighting
 + Level 3.8 Axes
 + Level 2.5 Armour
 + Level 2.5 Dodging


You had 3 spell levels left.
You didn't know any spells.
Your spell library was empty.

Dungeon Overview and Level Annotations

Branches:
Dungeon (3/15)              Sewer (1/1)

Altars:
Wu Jian
The Shining One

Shops:
D:2 [


Innate Abilities, Weirdness & Mutations

You are completely covered in rugged brown scales. (AC +3, +7% HP)
You have supernaturally acute eyesight. (SInv)
Armour fits poorly on your strangely shaped body.
You can roll at nearby foes to attack.
You have a long armoured tail.


Message History

You hit the worm. The worm bites you but does no damage. The worm bites you.
The worm barely misses you.
You hit the worm.
The worm is severely wounded.
You barely miss the worm. The worm bites you.
You hit the worm. You tail-slap the worm.
You kill the worm!
Trog accepts your kill.
You hit the worm. The worm barely misses you.
You hit the worm but do no damage. The worm bites you!
You hit the worm.
The worm is moderately wounded.
The worm bites you but does no damage.
You hit the worm.
The worm is heavily wounded.
You hit the worm but do no damage.
The worm is heavily wounded.
The worm bites you.
You hit the worm.
The worm is heavily wounded.
The worm closely misses you.
You hit the worm.
The worm is severely wounded.
You barely miss the worm.
The worm is severely wounded.
The worm bites you.
You hit the worm.
The worm is severely wounded.
The worm closely misses you.
You hit the worm.
The worm is almost dead.
You barely miss the worm.
The worm is almost dead.
The worm bites you!
* * * LOW HITPOINT WARNING * * *
You completely miss the worm.
The worm is almost dead.
The worm bites you!
You die...

#≈≈≈# #≈≈.# #≈≈≈# #≈≈≈#
#≈≈≈# #..# #≈≈≈# #≈≈≈#
#≈≈.# #..# #≈≈≈# #≈≈.#
#.≈≈# #..# #≈≈≈# #≈≈≈#
#≈≈≈####..# #≈≈≈# #≈≈≈#
#.≈.##.#..# #≈≈≈# #≈≈≈#
#≈≈≈##.'..+ #≈≈.# #≈≈.#
#≈≈≈##.'w.+ #≈≈.# #≈≈≈#
#≈≈≈# #@.# #≈≈≈# #≈≈.#
#.≈≈# #..# #.≈.# #≈≈≈#
#≈≈≈# #≈≈# #.≈≈# #≈≈≈#
#≈≈≈# #≈≈# #.≈≈#
#≈≈≈###≈≈≈####≈≈####≈≈≈#
#≈≈≈≈≈≈≈.≈≈≈≈≈≈≈≈≈≈≈≈≈≈#
#≈≈≈≈≈≈≈≈≈≈≈≈≈≈≈≈≈≈≈≈≈≈#
#≈≈≈≈≈.≈.≈≈..≈..≈.≈≈≈.≈#
#≈≈≈≈###############≈≈≈#


You could see a worm.

Vanquished Creatures
  An orc wizard (D:3)
  2 adders (D:2)
  4 worms
  4 orcs
  10 bats
  4 giant cockroaches
  3 goblins (D:1)
  3 hobgoblins
  7 jackals
  11 oozes
  9 quokkas
  5 ball pythons
  3 frilled lizards
  2 kobolds
  4 rats
72 creatures vanquished.

Notes
Turn   | Place    | Note
-------+----------+-------------------------------------------
     0 | D:1      | Essalna the Palentonga Berserker began the quest for the
                  | Orb.
     0 | D:1      | Reached XP level 1. HP: 19/19 MP: 1/1
   236 | D:1      | Reached XP level 2. HP: 22/25 MP: 2/2
   905 | D:1      | Reached XP level 3. HP: 31/31 MP: 3/3
  1097 | D:2      | Reached ** piety under Trog
  1107 | D:2      | Found Zahasah's Antique Armour Shoppe.
  1556 | D:2      | Found an ornate altar of the Wu Jian Council.
  1567 | D:2      | Found a glowing golden altar of the Shining One.
  1615 | D:3      | Found a glowing drain.
  1635 | D:3      | Reached XP level 4. HP: 10/37 MP: 4/4
  1659 | D:3      | Noticed an orc warrior
  1826 | Sewer    | Entered a sewer
  2539 | Sewer    | Reached *** piety under Trog
  2644 | Sewer    | Slain by a worm

Illustrated notes

Levels and vault maps discovered:
D:1:      lightli_iron_boxes, layout_rooms, hex_intersection, minmay_cut_off
D:2:      layout_rooms, amethyst_overflow_temple_binary, serial_shops, shop
D:3:      layout_loops_ring, portal_sewer_entry_f,
          nicolae_qazlal_general_emergency
Sewer:    sewer_fruit_machine

Skill      XL: |  1  2 |
---------------+-------+-----
Dodging        | 2 |  2.5
Armour         | 2 |  2.5
Fighting       | |  3.7
Axes           | |  3.8

Action                   |  1- 3 |  4- 6 || total
-------------------------+-------+-------++-------
Melee: Hand axe          |   106 |    87 ||   193
       Tailslap          |    12 |     9 ||    21
 Abil: Rolling Charge    |     1 |     1 ||     2
  Use: Scroll            |       |     3 ||     3
       Potion            |       |     1 ||     1
 Stab: Sleeping          |     1 |       ||     1
Armor: Animal skin       |    54 |    37 ||    91
Dodge: Dodged            |    43 |    49 ||    92

Table legend: (Time is in decaauts)
 A = Elapsed time spent in this place.
 B = Non-inter-level travel time spent in this place.
 C = Inter-level travel time spent in this place.
 D = Time resting spent in this place.
 E = Time spent auto-exploring this place.
 F = Levels seen in this place.
 G = Mean time per level.
                   A        B        C        D        E       F      G
               +--------+--------+--------+--------+--------+-----+--------+
         Total |   2774 |   2659 |    115 |      0 |   2173 |   4 |  693.5 |
       Dungeon |   1847 |   1732 |    115 |      0 |   1427 |   3 |  615.7 |
         Sewer |    927 |    927 |      0 |      0 |    746 |   1 |  927.0 |
               +--------+--------+--------+--------+--------+-----+--------+

Top non-repeatable levels by time:
     D:1: 1081 daAuts
   Sewer: 927 daAuts
     D:2: 570 daAuts
     D:3: 195 daAuts
